NCAA
NEBRASKA CORNHUSKERS @ SETON HALL PIRATES
05/08/2026
 
TOP OF THE 1ST
Nebraska Cornhuskers batting - Pitching for Seton Hall Pirates : RHP Bob Browning
Pitching: RHP Bob Browning
Batting: RHB Tony Barton 0-0: Ball
1-0: Ball
2-0: Ball
3-0: Base on Balls
Batting: SHB Carl Rivers 0-0: Ball
1-0: Ball
2-0: Ball
3-0: Called Strike
3-1: Foul Ball, location: 2F
3-2: SINGLE (Line Drive, 3D)
Tony Barton to second
Runner from 2nd tries for 3rd, SAFE, throw made to third
Batting: RHB Tony Long 0-0: Called Strike
0-1: Ball
1-1: Ball
2-1: Ball
3-1: Foul Ball, location: 2F
3-2: Fly out, F7 (Flyball, 7LM)
3-2: Fly out, F7 (Flyball, 7LM)
Batting: SHB Pete Albert 0-0: Foul Ball, location: 2F
0-1: SINGLE (Flyball, 8LM)
Tony Barton scores
Carl Rivers to second
Batting: LHB Dusty Wilson 0-0: Swinging Strike
0-1: Foul Ball, location: 2F
0-2: Ball
1-2: SINGLE (Groundball, 34D)
Carl Rivers to third
Pete Albert to second
Batting: RHB Miguel García 0-0: Ball
1-0: Swinging Strike
1-1: Ball
2-1: Swinging Strike
2-2: Strikes out swinging
Batting: RHB Júlio Franco 0-0: Ball
1-0: Ball
2-0: Called Strike
2-1: Ball
3-1: Foul Ball, location: 2F
3-2: Base on Balls
Carl Rivers scores
Pete Albert to third
Dusty Wilson to second
Batting: RHB António Rodríguez 0-0: Called Strike
0-1: SINGLE (Line Drive, 7LS)
Pete Albert scores
Dusty Wilson to third
Júlio Franco to second
Runner from 3rd tries for Home, SAFE, no throw or cutoff
Batting: LHB Phil Krieger 0-0: Called Strike
0-1: Ground out 5-3 (Groundball, 6S)
Top of the 1st over - 4 run(s), 4 hit(s), 0 error(s), 2 left on base; Nebraska 4 - Seton Hall 0
BOTTOM OF THE 1ST
Seton Hall Pirates batting - Pitching for Nebraska Cornhuskers : RHP Mike Fisher
Pitching: RHP Mike Fisher
Batting: RHB John Hutchins 0-0: Called Strike
0-1: Ball
1-1: Ball
2-1: Foul Ball, location: 2F
2-2: Foul Ball, location: 2F
2-2: Strikes out swinging
Batting: RHB George Medine 0-0: Ball
1-0: Ball
2-0: Called Strike
2-1: Ball
3-1: Base on Balls
Batting: LHB Hamilton Hughes 0-0: Ball
1-0: Ball
2-0: Called Strike
2-1: SINGLE (Line Drive, 7S)
George Medine to second
Batting: SHB Carlton Moreno 0-0: Fly out, F7 (Flyball, 7M)
Batting: RHB Jorge Flores 0-0: Ball
1-0: SINGLE (Groundball, 4MD)
George Medine to third
Hamilton Hughes to second
Runner from 3rd tries for Home, SAFE, no throw or cutoff
Batting: RHB Luis Reyes 0-0: Called Strike
0-1: Ball
1-1: Ground out 6-3 (Groundball, 6)
Bottom of the 1st over - 1 run(s), 2 hit(s), 0 error(s), 2 left on base; Nebraska 4 - Seton Hall 1
TOP OF THE 2ND
Nebraska Cornhuskers batting - Pitching for Seton Hall Pirates : RHP Bob Browning
Batting: RHB Tony Barton 0-0: Called Strike
0-1: SINGLE (Line Drive, 34D)
Batting: SHB Carl Rivers 0-0: Ball
1-0: Fly out, F6 (Popup, 56D)
Batting: RHB Tony Long 0-0: Swinging Strike
0-1: Ball
1-1: Ball
2-1: Ball
3-1: SINGLE (Groundball, 56D)
Tony Barton to second
Batting: SHB Pete Albert 0-0: Foul Ball, location: 2F
0-1: Foul Ball, location: 2F
0-2: SINGLE (Line Drive, 9LS)
Tony Barton to third
Tony Long to second
Runner from 3rd tries for Home, SAFE, no throw or cutoff
Batting: LHB Dusty Wilson 0-0: Ball
1-0: Called Strike
1-1: Swinging Strike
1-2: Strikes out swinging
Batting: RHB Miguel García 0-0: Ball
1-0: Called Strike
1-1: Ground out 5-3 (Groundball, 56)
Top of the 2nd over - 1 run(s), 3 hit(s), 0 error(s), 2 left on base; Nebraska 5 - Seton Hall 1
BOTTOM OF THE 2ND
Seton Hall Pirates batting - Pitching for Nebraska Cornhuskers : RHP Mike Fisher
Batting: RHB Tim Torres 0-0: Ball
1-0: Ball
2-0: Called Strike
2-1: Foul Ball, location: 2F
2-2: SINGLE (Flyball, 8LS)
Batting: RHB Clancy Bradshaw 0-0: Ball
1-0: Swinging Strike
1-1: Fly out, F6 (Line Drive, 6)
Batting: RHB Dave Little 0-0: Ball
1-0: Ball
2-0: Fielders Choice at 2nd, 6-4 (Groundball, 6M)
Batting: RHB John Hutchins 0-0: Foul Ball, location: 2F
0-1: Ball
1-1: Ball
2-1: Foul Ball, location: 2F
2-2: Ball
3-2: Strikes out looking
Bottom of the 2nd over - 0 run(s), 1 hit(s), 0 error(s), 1 left on base; Nebraska 5 - Seton Hall 1
TOP OF THE 3RD
Nebraska Cornhuskers batting - Pitching for Seton Hall Pirates : RHP Bob Browning
Batting: RHB Júlio Franco 0-0: Swinging Strike
0-1: Foul Ball, location: 2F
0-2: SINGLE (Groundball, 5D)
Batting: RHB António Rodríguez 0-0: Called Strike
0-1: Ball
1-1: SINGLE (Groundball, 34D)
Júlio Franco to second
Runner from 2nd tries for 3rd, SAFE, no throw or cutoff
Batting: LHB Phil Krieger 0-0: Called Strike
0-1: Ball
1-1: Ball
2-1: Fly out, F8 (Line Drive, 8RS)
Batting: RHB Tony Barton 0-0: Ball
1-0: Grounds into double play, 4-6-3 (Groundball, 4)
Top of the 3rd over - 0 run(s), 2 hit(s), 0 error(s), 1 left on base; Nebraska 5 - Seton Hall 1
BOTTOM OF THE 3RD
Seton Hall Pirates batting - Pitching for Nebraska Cornhuskers : RHP Mike Fisher
Batting: RHB George Medine 0-0: Foul Ball, location: 2F
0-1: Ball
1-1: Ball
2-1: Foul Ball, location: 2F
2-2: Strikes out looking
Batting: LHB Hamilton Hughes 0-0: Ball
1-0: Foul Ball, location: 2F
1-1: Ball
2-1: Ball
3-1: Fly out, F9 (Flyball, 9LM)
Batting: SHB Carlton Moreno 0-0: Foul Ball, location: 2F
0-1: Swinging Strike
0-2: Ball
1-2: Strikes out swinging
Bottom of the 3rd over - 0 run(s), 0 hit(s), 0 error(s), 0 left on base; Nebraska 5 - Seton Hall 1
TOP OF THE 4TH
Nebraska Cornhuskers batting - Pitching for Seton Hall Pirates : RHP Bob Browning
Batting: SHB Carl Rivers 0-0: Ball
1-0: Called Strike
1-1: Ball
2-1: Fly out, F2 (Popup, 2RF)
Batting: RHB Tony Long 0-0: Ball
1-0: Ball
2-0: Ball
3-0: Called Strike
3-1: Foul Ball, location: 2F
3-2: Ground out 5-3 (Groundball, 5L)
Batting: SHB Pete Albert 0-0: Called Strike
0-1: Ball
1-1: Foul Ball, location: 2F
1-2: Foul Ball, location: 2F
1-2: Fly out, F6 (Line Drive, 6)
Top of the 4th over - 0 run(s), 0 hit(s), 0 error(s), 0 left on base; Nebraska 5 - Seton Hall 1
BOTTOM OF THE 4TH
Seton Hall Pirates batting - Pitching for Nebraska Cornhuskers : RHP Mike Fisher
Batting: RHB Jorge Flores 0-0: Foul Ball, location: 2F
0-1: Ball
1-1: Ball
2-1: Ball
3-1: Swinging Strike
3-2: Foul Ball, location: 2F
3-2: Foul Ball, location: 2F
3-2: SINGLE (Groundball, 56D)
Batting: RHB Luis Reyes 0-0: Ball
1-0: Called Strike
1-1: Grounds into double play, 1-6-3 (Groundball, 13)
Batting: RHB Tim Torres 0-0: Ground out 1-3 (Groundball, 15S)
Bottom of the 4th over - 0 run(s), 1 hit(s), 0 error(s), 0 left on base; Nebraska 5 - Seton Hall 1
TOP OF THE 5TH
Nebraska Cornhuskers batting - Pitching for Seton Hall Pirates : RHP Bob Browning
Pitching: LHP Nick Thornton
Batting: LHB Dusty Wilson 0-0: Swinging Strike
0-1: Ball
1-1: Called Strike
1-2: Foul Ball, location: 2F
1-2: Strikes out swinging
Batting: RHB Miguel García 0-0: SINGLE (Flyball, 78S) - OUT at second base trying to stretch hit.
Batting: RHB Júlio Franco 0-0: Swinging Strike
0-1: Swinging Strike
0-2: Ground out 5-3 (Groundball, 56S)
Top of the 5th over - 0 run(s), 1 hit(s), 0 error(s), 0 left on base; Nebraska 5 - Seton Hall 1
BOTTOM OF THE 5TH
Seton Hall Pirates batting - Pitching for Nebraska Cornhuskers : RHP Mike Fisher
Batting: RHB Clancy Bradshaw 0-0: Ground out 6-3 (Groundball, 6M)
Batting: RHB Dave Little 0-0: Ball
1-0: Ball
2-0: SINGLE (Flyball, 9S)
Batting: RHB John Hutchins 0-0: Called Strike
0-1: Fielders Choice at 2nd, U6 (Groundball, 6M)
Batting: RHB George Medine 0-0: Called Strike
0-1: Swinging Strike
0-2: Foul Ball, location: 2F
0-2: Strikes out swinging
Bottom of the 5th over - 0 run(s), 1 hit(s), 0 error(s), 1 left on base; Nebraska 5 - Seton Hall 1
TOP OF THE 6TH
Nebraska Cornhuskers batting - Pitching for Seton Hall Pirates : LHP Nick Thornton
Batting: RHB António Rodríguez 0-0: Ball
1-0: Ball
2-0: Ball
3-0: Called Strike
3-1: Base on Balls
Batting: LHB Phil Krieger 0-0: Ball
1-0: Ball
2-0: Called Strike
2-1: Foul Ball, location: 2F
2-2: Strikes out swinging
Batting: RHB Tony Barton 0-0: Ball
1-0: Called Strike
1-1: Called Strike
1-2: Ball
2-2: Foul Ball, location: 2F
2-2: Strikes out swinging
Batting: SHB Carl Rivers 0-0: Called Strike
0-1: Foul Ball, location: 2F
0-2: Strikes out looking
Top of the 6th over - 0 run(s), 0 hit(s), 0 error(s), 1 left on base; Nebraska 5 - Seton Hall 1
BOTTOM OF THE 6TH
Seton Hall Pirates batting - Pitching for Nebraska Cornhuskers : RHP Mike Fisher
Batting: LHB Hamilton Hughes 0-0: Called Strike
0-1: Ball
1-1: Called Strike
1-2: Fly out, F7 (Flyball, 7M)
Batting: SHB Carlton Moreno 0-0: Called Strike
0-1: Called Strike
0-2: Strikes out swinging
Batting: RHB Jorge Flores 0-0: Called Strike
0-1: Called Strike
0-2: Strikes out swinging
Bottom of the 6th over - 0 run(s), 0 hit(s), 0 error(s), 0 left on base; Nebraska 5 - Seton Hall 1
TOP OF THE 7TH
Nebraska Cornhuskers batting - Pitching for Seton Hall Pirates : LHP Nick Thornton
Pitching: LHP Gerald Shaffer
Batting: RHB Tony Long 0-0: Called Strike
0-1: Swinging Strike
0-2: Foul Ball, location: 2F
0-2: Ball
1-2: Ball
2-2: Foul Ball, location: 2F
2-2: Ball
3-2: Base on Balls
Batting: SHB Pete Albert 0-0: Called Strike
0-1: Ball
1-1: Called Strike
1-2: Strikes out swinging
Batting: LHB Dusty Wilson 0-0: Ball
1-0: Ball
2-0: Ball
3-0: Called Strike
3-1: Fly out, F7 (Flyball, 7LD)
Batting: RHB Miguel García 0-0: Ball
1-0: SINGLE (Line Drive, 8LS)
Tony Long to second
Batting: RHB Júlio Franco 0-0: Ground out 5-3 (Groundball, 5)
Top of the 7th over - 0 run(s), 1 hit(s), 0 error(s), 2 left on base; Nebraska 5 - Seton Hall 1
BOTTOM OF THE 7TH
Seton Hall Pirates batting - Pitching for Nebraska Cornhuskers : RHP Mike Fisher
Pitching: RHP Roy Román
Batting: RHB Luis Reyes 0-0: Ball
1-0: Swinging Strike
1-1: Called Strike
1-2: Strikes out swinging
Batting: RHB Tim Torres 0-0: Called Strike
0-1: Ball
1-1: Ball
2-1: SINGLE (Flyball, 9LS)
Batting: RHB Clancy Bradshaw 0-0: Fly out, F3 (Popup, 3F)
Batting: RHB Dave Little 0-0: Ball
1-0: Called Strike
1-1: Ball
2-1: 2-RUN HOME RUN (Line Drive, 7D), Distance : 375 ft
Batting: RHB John Hutchins 0-0: Ball
1-0: Ball
2-0: Ground out 5-3 (Groundball, 56)
Bottom of the 7th over - 2 run(s), 2 hit(s), 0 error(s), 0 left on base; Nebraska 5 - Seton Hall 3
TOP OF THE 8TH
Nebraska Cornhuskers batting - Pitching for Seton Hall Pirates : LHP Gerald Shaffer
Batting: RHB António Rodríguez 0-0: Called Strike
0-1: Ball
1-1: Ball
2-1: SINGLE (Groundball, 4M)
Batting: LHB Phil Krieger 0-0: Grounds into double play, 3-6-3 (Groundball, 3)
Batting: RHB Tony Barton 0-0: Ball
1-0: Foul Ball, location: 2F
1-1: Foul Ball, location: 2F
1-2: Ground out 3-1 (Groundball, 34S)
Top of the 8th over - 0 run(s), 1 hit(s), 0 error(s), 0 left on base; Nebraska 5 - Seton Hall 3
BOTTOM OF THE 8TH
Seton Hall Pirates batting - Pitching for Nebraska Cornhuskers : RHP Roy Román
Batting: RHB George Medine 0-0: Ball
1-0: Foul Ball, location: 2F
1-1: Called Strike
1-2: Ball
2-2: Ground out 6-3 (Groundball, 6)
Batting: LHB Hamilton Hughes 0-0: Swinging Strike
0-1: Ball
1-1: Ball
2-1: Foul Ball, location: 2F
2-2: Ball
3-2: Base on Balls
Pitching: RHP Ronald Roark
Batting: SHB Carlton Moreno 0-0: Ball
1-0: Ball
2-0: Called Strike
2-1: Hit by Pitch
Hamilton Hughes to second
Batting: RHB Jorge Flores 0-0: Foul Ball, location: 2F
0-1: SINGLE (Groundball, 5L)
Hamilton Hughes to third
Carlton Moreno to second
Batting: RHB Luis Reyes 0-0: Swinging Strike
0-1: Ball
1-1: Fly out, F8 (Flyball, 8RM)
Batting: RHB Tim Torres 0-0: Ball
1-0: Ball
2-0: Ground out 1-3 (Groundball, 13S)
Bottom of the 8th over - 0 run(s), 1 hit(s), 0 error(s), 3 left on base; Nebraska 5 - Seton Hall 3
TOP OF THE 9TH
Nebraska Cornhuskers batting - Pitching for Seton Hall Pirates : LHP Gerald Shaffer
Batting: SHB Carl Rivers 0-0: Called Strike
0-1: Swinging Strike
0-2: Fly out, F9 (Flyball, 89M)
Batting: RHB Tony Long 0-0: Ball
1-0: Ball
2-0: Called Strike
2-1: Ball
3-1: Base on Balls
Batting: SHB Pete Albert 0-0: Called Strike
0-1: Called Strike
0-2: Foul Ball, location: 2F
0-2: Ball
1-2: Foul Ball, location: 2F
1-2: Foul Ball, location: 2F
1-2: Foul Ball, location: 2F
1-2: SINGLE (Line Drive, 89M)
Tony Long to second
Pitching: RHP Matt Hernández
Batting: LHB Dusty Wilson 0-0: Ball
Wild Pitch!
Tony Long to third
Pete Albert to second
1-0: Intentional Walk
Batting: RHB Miguel García 0-0: Ball
1-0: Called Strike
1-1: Fly out, F9 (Flyball, 89M)
Batting: RHB Júlio Franco 0-0: Called Strike
0-1: SINGLE (Groundball, 4MD)
Tony Long scores
Pete Albert to third
Dusty Wilson to second
Runner from 3rd tries for Home, SAFE, no throw or cutoff
Batting: RHB António Rodríguez 0-0: Ball
1-0: Fly out, F5 (Line Drive, 56S)
Top of the 9th over - 2 run(s), 2 hit(s), 0 error(s), 2 left on base; Nebraska 7 - Seton Hall 3
BOTTOM OF THE 9TH
Seton Hall Pirates batting - Pitching for Nebraska Cornhuskers : RHP Ronald Roark
Batting: RHB Clancy Bradshaw 0-0: Ball
1-0: Ball
2-0: Called Strike
2-1: Foul Ball, location: 2F
2-2: Foul Ball, location: 2F
2-2: Ball
3-2: Foul Ball, location: 2F
3-2: Fly out, F7 (Flyball, 78M)
Batting: RHB Dave Little 0-0: Fly out, F8 (Flyball, 8LM)
Batting: RHB John Hutchins 0-0: Called Strike
0-1: Foul Ball, location: 2F
0-2: Foul Ball, location: 2F
0-2: Strikes out swinging
Bottom of the 9th over - 0 run(s), 0 hit(s), 0 error(s), 0 left on base; Nebraska 7 - Seton Hall 3
Monday, December 5th, 2016 - OOTP Baseball 17.12 Build 75